 Dungeon Crawl Stone Soup version 0.31-a0-246-g8cbcc1cb85 (webtiles) character file.

Game seed: 18373888885449294326

64 LeprechaunX the Changeling (level 4, 0/30 HPs)
             Began as an Octopode Shapeshifter on July 12, 2023.
             Was an Initiate of Cheibriados.
             Slain by a gnoll
             ... wielding a +0 halberd
              (9 damage)
             ... on level 3 of the Dungeon.
             The game lasted 00:04:27 (1065 turns).

LeprechaunX the Changeling (Octopode Shapeshifter)  Turns: 1065, Time: 00:04:28

Health: 0/30       AC:  5    Str: 15    XL:     4   Next: 12%
Magic:  4/4        EV: 13    Int: 11    God:    Cheibriados [......]
Gold:   73         SH:  0    Dex: 15    Spells: 3/3 levels left

rFire   . . .        b - +1 whip (elec)
rCold   . . .        (no shield)
rNeg    + . .        (helmet currently unavailable)
rPois   .            (no amulet)
rElec   .            h - +4 ring of protection
rCorr   .            m - ring of positive energy
SInv    .            (no ring)
Will    .....        (no ring)
Stlth   ++           (no ring)
HPRegen 0.25/turn    (no ring)
MPRegen 0.09/turn    (no ring)
                     (no ring)

%: no passive effects
@: beast-form, very slow
A: beast (slay +2), almost no armour, amphibious, 8 rings, camouflage 1,
gelatinous body 1, (nimble swimmer 1), tentacles
a: Renounce Religion


You were on level 3 of the Dungeon.
You worshipped Cheibriados.
Cheibriados was noncommittal.
You were a hulking beast.
You visited 1 branch of the dungeon, and saw 3 of its levels.

You collected 73 gold pieces.

Inventory:

Hand Weapons
 b - a +1 whip of electrocution (weapon)
Jewellery
 e - a ring of wizardry
 h - a +4 ring of protection (left tentacle)
 m - a ring of positive energy (right tentacle)
Talismans
 l - a beast talisman
Scrolls
 d - a scroll of revelation {unknown}
 f - a scroll of fog {unknown}
 g - 4 scrolls of noise {unknown}
 n - a scroll of silence {unknown}
 o - a scroll of teleportation {unknown}
 p - 3 scrolls of identify {unknown}
Potions
 a - a potion of lignification
 c - 2 potions of heal wounds {unknown}
 i - 2 potions of attraction {unknown}
 j - a potion of haste {unknown}
 k - a potion of curing {unknown}
 q - a potion of brilliance {unknown}


   Skills:
 + Level 2.5 Fighting
 - Level 2.0 Dodging
 * Level 3.1 Unarmed Combat
 * Level 3.5 Shapeshifting


You had 3 spell levels left.
You didn't know any spells.
Your spell library contained the following spells:

 Spells                   Type           Power      Damage    Failure   Level
 Animate Dead             Necr           0%         N/A       98%         4
 Borgnjor's Vile Clutch   Necr/Erth      0%         N/A       100%        5
 Death Channel            Necr           0%         N/A       100%        6


Dungeon Overview and Level Annotations

Branches:
Dungeon (3/15)

Altars:
Cheibriados


Innate Abilities, Weirdness & Mutations

You are a hulking beast.
Your limbs bulge with bestial killing power. (Slay +2)
You cannot wear most types of armour.
You are amphibious.
You can wear up to eight rings at the same time.
Your skin changes colour to match your surroundings (Stealth+).
Your rubbery body absorbs attacks. (AC +1, EV +1)
((You are camouflaged when in or above water. (Stealth+)))
You have tentacles for arms and can constrict up to eight enemies at once.


Message History

You hit the adder skeleton.
Lightning courses through the adder skeleton!
You grab the adder skeleton. You squeeze the adder skeleton.
You destroy the adder skeleton!
Cheibriados thoroughly appreciates the change of pace.
m - a ring of positive energy (right tentacle)
The gnoll hits you with a +0 halberd! The gnoll hits you with a +0 halberd.
You hit the gnoll but do no damage. You grab the gnoll. You squeeze the gnoll!
The gnoll is almost dead.
You constrict the gnoll. The gnoll hits you with a +0 halberd.
You hit the gnoll.
You kill the gnoll!
Cheibriados appreciates the change of pace.
Your Unarmed Combat skill increases to level 3!
Unknown command.
Things that are here:
a +0 halberd; a gnoll corpse A gnoll comes into view.
It is wielding a +0 flail.
The gnoll moves out of view.
A gnoll comes into view. It is wielding a +0 halberd.
The gnoll shouts! x2; You hear a shout!
A gnoll comes into view. It is wielding a +0 whip.
You closely miss the gnoll. You grab the gnoll. You squeeze the gnoll!
The gnoll is severely wounded.
You constrict the gnoll. The gnoll hits you with a +0 flail!
* * * LOW HITPOINT WARNING * * *
You release your grip on the gnoll.
The gnoll misses you. The gnoll barely misses you.
You whack the gnoll!
You kill the gnoll!
Cheibriados thoroughly appreciates the change of pace.
The gnoll barely misses you.
You have reached level 4!
The gnoll closely misses you.
Things that are here:
a +0 halberd; a gnoll corpse The gnoll closely misses you.
Found a stone staircase leading down.
The gnoll hits you from afar with a +0 halberd!
You die...

#. #g#
#..####.#
.......g####
......#.).g#
......####.##
..... #..#
..... ##g####
.... #.g..#
.### ####h#
#....8...
###.#..P8 .#
>. . ##


You could see 2 gnolls.

Vanquished Creatures
  An adder (D:2)
  2 gnolls (D:3)
  An adder skeleton (D:3)
  A worm (D:2)
  6 endoplasms
  A giant cockroach (D:1)
  A goblin (D:1)
  5 hobgoblins
  5 kobolds
  2 quokkas
  A ball python (D:1)
  A bat (D:1)
  A frilled lizard (D:1)
  2 rats (D:1)
30 creatures vanquished.

Notes
Turn   | Place    | Note
-------+----------+-------------------------------------------
     0 | D:1      | LeprechaunX the Octopode Shapeshifter began the quest for
                  | the Orb.
     0 | D:1      | Reached XP level 1. HP: 14/14 MP: 1/1
   144 | D:1      | Reached XP level 2. HP: 19/19 MP: 2/2
   820 | D:2      | Reached XP level 3. HP: 24/24 MP: 3/3
   954 | D:2      | Found a faded altar of an unknown god.
  1004 | D:2      | You fall into a shaft and drop 1 floor!
  1004 | D:3      | Found a snail-covered altar of Cheibriados.
  1017 | D:3      | Became a worshipper of Cheibriados the Contemplative
  1057 | D:3      | Reached XP level 4. HP: 6/30 MP: 4/4
  1065 | D:3      | Slain by a gnoll

Illustrated notes

Levels and vault maps discovered:
D:1:      dpeg_arrival_pits, layout_loops_cross
D:2:      layout_basic, ebering_ecumenical_altar_rust, hangedman_decor_riveting,
          uniq_robin
D:3:      layout_basic, amcnicky_altar_gilded,
          mainiacjoe_overflow_small_starburst, general_overflow_altar,
          serial_undead, serial_undead_c, serial_undead_b, serial_undead_b,
          serial_undead_c, serial_undead_a, serial_undead_a,
          minmay_strange_pillars, item_on_display_a

Skill      XL: |  1  2  3 |
---------------+----------+-----
Unarmed Combat | 3 |  3.1
Fighting       | |  2.5
Dodging        | |  2.0
Shapeshifting  | |  3.5

Action                     |  1- 3 |  4- 6 || total
---------------------------+-------+-------++-------
  Melee: Unarmed           |    31 |       ||    31
         Tentacles         |    14 |       ||    14
         Constrict         |    17 |       ||    17
         Short sword       |    11 |       ||    11
         Punch             |     1 |       ||     1
         Whip              |     5 |       ||     5
   Stab: Sleeping          |     6 |       ||     6
         Distracted        |     3 |       ||     3
 Armour: Skin              |     2 |       ||     2
  Dodge: Dodged            |    18 |     2 ||    20

Table legend: (Time is in decaauts)
 A = Elapsed time spent in this place.
 B = Non-inter-level travel time spent in this place.
 C = Inter-level travel time spent in this place.
 D = Time resting spent in this place.
 E = Time spent auto-exploring this place.
 F = Levels seen in this place.
 G = Mean time per level.
                   A        B        C        D        E       F      G
               +--------+--------+--------+--------+--------+-----+--------+
         Total |   1064 |    978 |     86 |      0 |    761 |   3 |  354.7 |
       Dungeon |   1064 |    978 |     86 |      0 |    761 |   3 |  354.7 |
               +--------+--------+--------+--------+--------+-----+--------+

Top non-repeatable levels by time:
     D:1: 808 daAuts
     D:2: 188 daAuts
     D:3: 68 daAuts
